 Dungeon Crawl Stone Soup version 0.19.4-9-g45fd643 (webtiles) character file.

161 protoss039 the Conjurer (level 5, 0/40 HPs)
             Began as a Draconian Conjurer on Feb 16, 2017.
             Succumbed to a scorpion's poison
             ... on level 4 of the Dungeon.
             The game lasted 00:12:20 (2414 turns).

protoss039 the Conjurer (Draconian Conjurer)        Turns: 2414, Time: 00:12:21

Health: 0/40       AC:  5    Str:  9 (10) XL:     5   Next: 18%
Magic:  3/8        EV: 11    Int: 17 (19) God:
Gold:   182        SH:  2    Dex:  9 (11) Spells: 3 memorised, 1 level left

rFire  . . .     SeeInvis .     c - +1 hand axe
rCold  . . .     Gourm    .     (armour unavailable)
rNeg   . . .     Faith    .     g - +0 buckler
rPois  .         Spirit   .     (helmet restricted)
rElec  .         Reflect  .     (no cloak)
rCorr  .         Harm     .     (no gloves)
MR     .....                    (no boots)
Stlth  ++........               (no amulet)
                                (no ring)
                                p - +2 ring of intelligence

@: lethally poisoned (0 -> -1)
A: unfitting armour, cold-blooded, AC +5
a: no special abilities


You were on level 4 of the Dungeon.
You were not hungry.

You visited 1 branch of the dungeon, and saw 4 of its levels.

You collected 182 gold pieces.

Inventory:

Hand Weapons
 c - a +1 hand axe (weapon)
Armour
 g - a +0 buckler (worn)
Jewellery
 p - a +2 ring of intelligence (left hand)
Wands
 t - a wand of flame (44/48)
Scrolls
 d - a scroll of amnesia
 k - a scroll of identify
Potions
 j - a potion of cure mutation
 o - a potion of degeneration
Books
 a - a book of Conjurations

   Spells                             Type                      Level
   a - Magic Dart                     Conjuration                  1
   b - Searing Ray                    Conjuration                  2
   c - Dazzling Spray                 Conjuration/Hexes            3
   d - Fulminant Prism                Conjuration/Hexes            4
   e - Iskenderun's Mystic Blast      Conjuration                  4
   f - Iskenderun's Battlesphere      Conjuration/Charms           5
Comestibles
 b - a bread ration
 m - 2 slices of pizza


   Skills:
 + Level 1.2 Fighting
 - Level 1.7 Dodging
 - Level 1.7 Stealth
 + Level 2.1 Spellcasting
 - Level 6.2 Conjurations


You had one spell level left.
You knew the following spells:

 Your Spells              Type           Power        Failure   Level  Hunger
a - Magic Dart            Conj           ###.         2%          1    #......
b - Searing Ray           Conj           ###...       4%          2    ###....
c - Iskenderun's Mystic   Conj           ###.....     28%         4    #####..


Dungeon Overview and Level Annotations

Branches:
Dungeon (4/15)
 Temple: D:4-7

Altars:
Zin

Annotations:
D:3 exclusion: downstairs


Innate Abilities, Weirdness & Mutations

Your plain brown scales are hard. (AC +5)
You cannot fit into any form of body armour.
You are cold-blooded and may be slowed by cold attacks.


Message History

Unknown command.
You hit the orc.
The orc is heavily wounded.
The orc hits you with a hand axe.
* * * LOW HITPOINT WARNING * * *
The scorpion stings you!
* * * LOW HITPOINT WARNING * * *
You feel sick. The orc barely misses you. The orc hits you with a hand axe.
* * * LOW HITPOINT WARNING * * *
Unknown command.
Unknown command.
The orc wizard closely misses you. The orc barely misses you.
Unknown command.
The orc wizard hits you but does no damage.
The orc barely misses you.
Unknown command.
The orc wizard casts a spell at you. You resist with some effort.
Unknown command.
You die...

*** #.# *****#.#****** ****,**
#.#####,,,,...,,,,,* ,,*,*,**
#.##...,*,.....,**,* *,,***,**
#.#...,,,.##.##.**,* >,** **,*
#.#..#**##*#)#*.#*,* ,,,***,**
#.#..# #.#*,#*,* *,,,*,** #.#..#
#.#*,**,* *,,,,**
#.#.o#######.#*,**,**** **,,,*
#..os.@......#*,**,,,,* **,,,*
###o.#########*,*****,* ,,,,,*
#.....,,,,,,*,****,*,
***,,*******#..####****,,,,,,,***
,,,,,,,,,,,,...# *,,,,****,*,
*,,,,,*****##..#* *,**** **,*
*,,,*,,,,,**#.#.******,* *,*
*,,***,,,,,,....,,<,,,,* *,*
**,,*,********,*,****,** *,*


You could see a scorpion, an orc wizard and 2 orcs.

Vanquished Creatures
  An orc wizard (D:3)
  A worker ant (D:4)
  3 adders (D:2)
  A worm (D:3)
  2 dart slugs
  2 leopard geckos
  7 orcs (D:3)
  3 giant cockroaches
  6 goblins
  4 hobgoblins
  6 jackals (D:3)
  10 kobolds
  2 quokkas
  4 ball pythons
  6 bats
  3 frilled lizards
  A leopard gecko skeleton (D:4)
  5 rats
67 creatures vanquished.

Notes
Turn   | Place    | Note
-------+----------+-------------------------------------------
     0 | D:1      | protoss039 the Draconian Conjurer began the quest for the Orb.
     0 | D:1      | Reached XP level 1. HP: 14/14 MP: 3/3
   232 | D:1      | Reached XP level 2. HP: 20/20 MP: 1/5
   881 | D:2      | Found a glowing silver altar of Zin.
   929 | D:2      | Reached skill level 5 in Conjurations
   929 | D:2      | Reached XP level 3. HP: 26/26 MP: 2/6
  1175 | D:2      | Learned a level 2 spell: Searing Ray
  1328 | D:3      | Reached XP level 4. HP: 33/33 MP: 4/7
  1365 | D:3      | Reached skill level 6 in Conjurations
  1795 | D:3      | Learned a level 4 spell: Iskenderun's Mystic Blast
  2099 | D:4      | Noticed an ogre
  2099 | D:4      | Noticed a phantom
  2139 | D:4      | Reached skill level 1 in Fighting
  2139 | D:4      | Reached XP level 5. HP: 12/40 MP: 1/8
  2410 | D:4      | HP: 1/40 [orc/hand axe (2)]
  2414 | D:4      | Succumbed to a scorpion's poison

Skill      XL: |  1  2  3  4 |
---------------+-------------+-----
Conjurations   | 5 6 |  6.2
Fighting       | 1 |  1.2
Dodging        | |  1.7
Stealth        | |  1.7
Spellcasting   | |  2.1

Action                   |  1- 3 |  4- 6 || total
-------------------------+-------+-------++-------
Melee: Hand axe          |    17 |    43 ||    60
       Tailslap          |     2 |     2 ||     4
 Cast: Magic Dart        |    63 |    54 ||   117
       Searing Ray       |       |     4 ||     4
  Use: Potion            |       |     6 ||     6
       Scroll            |       |     9 ||     9
  Eat: Chunk             |     2 |     5 ||     7
Armor: Skin              |     7 |    15 ||    22
Dodge: Dodged            |    16 |    42 ||    58
Block: Buckler           |       |     2 ||     2
